AoeStats
← Lord Laggington

Arabia

507140253Analyzed
2v2 RM · 2mo ago on Sep 16, 2026· 38m 9s· 4 players
Game mode
Random Map
Map size
Medium (4 player)
Population
200
Speed
Normal
Resources
Standard
Victory
Conquest
Starting age
Dark Age
Ending age
Imperial Age
RankedLock teamsTeams togetherTeam positionsShared explorationLock speedFull tech treeHidden civsTurbo modeCheats
Victory
Defeat
🇦🇷 Spanish · Argentina
1062
+13
🇦🇷 Romans · Argentina
1047
+13
vs
🇩🇪 Goths · Germany
994
-13
🇩🇪 Mongols · Germany
978
-13
novusb4
7:31 Loom
9:36 Feudal Age
11:52 Double-Bit Axe
12:50 Horse Collar
18:01 Scale Barding Armor
21:25 Castle Age
20:21 Forging
20:09 Gold Mining
20:44 Bloodlines
22:14 Wheelbarrow
23:58 Husbandry
27:02 Chain Barding Armor
28:02 Gold Shaft Mining
27:47 Bow Saw
29:37 Stone Mining
34:53 Hand Cart
Lord Laggington
5:39 Loom
11:22 Feudal Age
12:33 Man-at-Arms
15:04 Double-Bit Axe
15:14 Horse Collar
24:19 Castle Age
37:31 Fletching
38:31 Scale Mail Armor
CLAUDE
8:04 Loom
10:40 Feudal Age
15:14 Castle Age
13:47 Double-Bit Axe
14:37 Horse Collar
23:15 Gold Mining
25:12 Wheelbarrow
24:44 Heavy Plow
26:25 Stone Mining
28:16 Bow Saw
28:44 Town Watch
Shiroski4022
10:34 Feudal Age
13:38 Loom
16:19 Man-at-Arms
23:55 Castle Age
21:57 Horse Collar
22:29 Double-Bit Axe
23:23 Scale Mail Armor
23:34 Forging
25:06 Chain Mail Armor
24:50 Long Swordsman
31:35 Squires
32:43 Iron Casting
35:47 Town Watch
36:37 Wheelbarrow
38:59 Hand Cart
Connection lost

Rejoining the realm…

Still unreachable

The connection could not be restored.

Session expired

The server has moved on; the page needs a fresh start.